 Dungeon Crawl Stone Soup version 0.29.1-2-gbd0b4ee654 (webtiles) character file.

Game seed: 16257587111487765373

352 Icepheonix32 the Trooper (level 6, 0/57 HPs)
             Began as a Minotaur Fighter on Oct 24, 2022.
             Killed from afar by Ijyb (16 damage)
             ... with a bolt of acid
             ... on level 4 of the Dungeon.
             The game lasted 00:03:45 (3497 turns).

Icepheonix32 the Trooper (Minotaur Fighter)         Turns: 3497, Time: 00:03:46

Health: 0/57       AC:  2    Str: 21    XL:     6   Next: 34%
Magic:  5/5        EV: 10    Int:  7    God:
Gold:   92         SH:  4    Dex:  9    Spells: 5/5 levels left

rFire   . . .      SeeInvis .   w - +2 flail (drain)
rCold   . . .      Faith    .   c - +0 buckler
rNeg    . . .      Spirit   .   b - +0 scale mail
rPois   .          Reflect  .   (helmet restricted)
rElec   .          Harm     .   j - +2 cloak
rCorr   .          Rampage  .   (no gloves)
Will    .....                   (no boots)
Stlth   ..........              (no amulet)
HPRegen 0.19/turn               (no ring)
MPRegen 0.09/turn               (no ring)

@: corroded, studying Shields
A: horns 2, retaliatory headbutt
a: no special abilities


You were on level 4 of the Dungeon.
You visited 1 branch of the dungeon, and saw 4 of its levels.

You collected 92 gold pieces.

Inventory:

Hand Weapons
 a - a +0 war axe
 w - a +2 flail of draining (weapon)
Missiles
 k - 4 boomerangs (quivered)
 p - 12 poisoned darts
 s - a throwing net
Armour
 b - a +0 scale mail (worn)
 c - a +0 buckler (worn)
 j - a +2 cloak (worn)
Jewellery
 f - a ring of fire
Potions
 d - a potion of might
 e - a potion of magic {unknown}
 g - 2 potions of heal wounds {unknown}
 i - a potion of degeneration
 m - 2 potions of mutation {unknown}
 r - a potion of berserk rage {unknown}
 u - a potion of cancellation
 v - a potion of lignification {unknown}


   Skills:
 * Level 6.1 Fighting
 - Level 4.0 Axes
 + Level 5.0 Armour
 + Level 2.0 Dodging
 + Level 0.1 Stealth
 + Level 4.4 Shields


You had 5 spell levels left.
You didn't know any spells.
Your spell library contained the following spells:

 Spells                   Type           Power      Damage    Failure   Level
 Summon Small Mammal      Summ           0%         N/A       83%         1
 Call Canine Familiar     Summ           0%         N/A       99%         3
 Frozen Ramparts          Ice            0%         1d1       99%         3
 Portal Projectile        Hex/Tloc       0%         N/A       99%         3
 Summon Guardian Golem    Hex/Summ       0%         N/A       99%         3
 Ice Form                 Ice/Tmut       0%         N/A       100%        4
 Leda's Liquefaction      Hex/Erth       0%         N/A       100%        4
 Summon Ice Beast         Ice/Summ       0%         N/A       100%        4


Dungeon Overview and Level Annotations

Branches:
Dungeon (4/15)
 Temple: D:4-7

Altars:
Ru
Xom

Annotations:
D:4 Ijyb


Innate Abilities, Weirdness & Mutations

You have a pair of horns on your head.
You reflexively headbutt those who attack you in melee.


Message History

You hit Ijyb. Your headbutt misses Ijyb.
Ijyb is heavily wounded.
You block Ijyb's attack.
Unknown command.
You hit Ijyb but do no damage. You drain Ijyb.
Ijyb is heavily wounded.
Ijyb barely misses you.
You hit Ijyb but do no damage. You drain Ijyb.
Ijyb is severely wounded.
Ijyb barely misses you.
Ijyb zaps a wand.
The bolt of acid hits you.
* * * LOW HITPOINT WARNING * * *
The acid corrodes you!
Unknown command.
You barely miss Ijyb.
Ijyb is severely wounded.
Ijyb barely misses you.
Unknown command.
You closely miss Ijyb.
Ijyb is severely wounded.
Ijyb zaps a wand.
The bolt of acid hits you.
* * * LOW HITPOINT WARNING * * *
The acid corrodes you!
Unknown command.
You closely miss Ijyb.
Ijyb is severely wounded.
Ijyb hits you with a +0 dagger.
* * * LOW HITPOINT WARNING * * *
Ijyb hits you with a +0 dagger.
* * * LOW HITPOINT WARNING * * *
Unknown command.
You feel better. Ijyb barely misses you.
Okay, then.
You hit Ijyb. You headbutt Ijyb, but do no damage.
Ijyb is severely wounded.
Ijyb hits you with a +0 dagger.
* * * LOW HITPOINT WARNING * * *
You hit Ijyb but do no damage. Your headbutt misses Ijyb.
Ijyb is severely wounded.
Ijyb zaps a wand.
The bolt of acid hits you!
You die...

#.##########...../ .
#............#...##..
....<.#.....###...#.#
#######.....###...#.#
# ##........#...##.#
#=................
#.....#...........
#..>..##?..)..#
....##.#####@)..#
$.... #.# #g)...#
..... ... ......#
###...... ##........
####. ##.......
....... ..#....
#####..


You could see Ijyb (very drained).

Vanquished Creatures
  An orc priest (D:3)
  An iguana (D:3)
  3 orc wizards
  Natasha (thrice) (D:2)
  Robin (D:2)
  3 adders
  2 worms
  6 dart slugs
  9 orcs
  7 endoplasms
  14 goblins
  4 hobgoblins
  6 jackals
  3 quokkas (D:3)
  A ball python (D:3)
  9 bats
  3 frilled lizards
  7 kobolds
  6 rats
89 creatures vanquished.

Vanquished Creatures (others)
  An orc (D:4)
1 creature vanquished.

Grand Total: 90 creatures vanquished

Notes
Turn   | Place    | Note
-------+----------+-------------------------------------------
     0 | D:1      | Icepheonix32 the Minotaur Fighter began the quest for the
                  | Orb.
     0 | D:1      | Reached XP level 1. HP: 19/19 MP: 0/0
   285 | D:1      | Reached skill level 4 in Fighting
   285 | D:1      | Reached XP level 2. HP: 22/27 MP: 1/1
   880 | D:2      | Reached XP level 3. HP: 30/33 MP: 2/2
   969 | D:2      | Found a sacrificial altar of Ru.
  1095 | D:2      | Noticed Natasha
  1096 | D:2      | Found a faded altar of an unknown god.
  1102 | D:2      | Killed Natasha
  1279 | D:2      | Reached XP level 4. HP: 41/41 MP: 3/3
  1475 | D:2      | Noticed Robin
  1484 | D:2      | Killed Robin
  1921 | D:2      | Noticed Natasha
  1926 | D:2      | Killed Natasha
  1927 | D:2      | Reached skill level 5 in Fighting
  1927 | D:2      | Reached XP level 5. HP: 48/48 MP: 4/4
  2130 | D:2      | Noticed Natasha
  2134 | D:2      | Killed Natasha
  2368 | D:3      | Reached skill level 1 in Dodging
  2578 | D:3      | Reached XP level 6. HP: 57/57 MP: 5/5
  2663 | D:3      | Found a large runed translucent door.
  2663 | D:3      | Found a large runed translucent door.
  2668 | D:3      | Found a shimmering altar of Xom.
  3176 | D:3      | Reached skill level 6 in Fighting
  3429 | D:3      | Identified a scroll of acquirement
  3430 | D:3      | Acquired a manual of Shields
  3478 | D:4      | Noticed Ijyb
  3484 | D:4      | Reached skill level 5 in Armour
  3497 | D:4      | Killed from afar by Ijyb

Illustrated notes

Levels and vault maps discovered:
D:1:      kilobyte_arrival_exit_the_forest, layout_basic
D:2:      layout_basic, shapermc_ecumenical_altar_flowoftime, basic_altar,
          minmay_pentomino_z2, uniq_natasha, uniq_robin
D:3:      due_chaos_kobolds, layout_loops_corners
D:4:      layout_rooms, uniq_ijyb

Skill      XL: |  1  2  3  4  5  6 |
---------------+-------------------+-----
Fighting       | 4 5 6 |  6.1
Shields        | 4 |  4.4
Armour         | 4 5 |  5.0
Axes           | 3 4 |  4.0
Dodging        | 1 2 |  2.0
Stealth        | |  0.1

Action                   |  1- 3 |  4- 6 || total
-------------------------+-------+-------++-------
Melee: War axe           |    73 |   117 ||   190
       Headbutt          |     4 |    22 ||    26
       Flail             |       |    20 ||    20
  Use: Scroll            |     3 |     8 ||    11
       Potion            |       |     2 ||     2
Armor: Scale mail        |    42 |    77 ||   119
Dodge: Dodged            |    32 |    55 ||    87
Block: Buckler           |    17 |    25 ||    42
